Unix NetHack Version 3.7.0-78 Work-in-progress - last build Mar 8 2023 14:48:58 (e1b806644f7dc75fed06536c1d2466fecd9570d3,branch:master). Game began 2023-03-16 05:16:31, ended 2023-03-16 06:36:58. okmujnyhb, lawful female dwarven Valkyrie --------------- |.+...........| |.............| ----------- |.............| |.........| |.........^....# |.........| ------- |.............|# #..........| |.....| -.-------------# #|.........-####....".| # # #|.........| |.....| # ## #----------- -.----- # # ## ### # # # # # ## ---.------- # # # # |...<.....| ######### # --.-----## |.........-######---------------# |.......# |.........| #|.........Y...|# |.>....| ----------- #|.............|# |......| #..............@# -------- --------------- Okmujnyhb the Fighter St:17 Dx:10 Co:19 In:10 Wi:7 Ch:9 Lawful Dlvl:7 $:0 HP:32(71) Pw:10(10) AC:10 Xp:6/390 T:3409 Hallu Latest messages: What do you want to throw? [bfk or ?*] In what direction? The orcish dagger misses the wood nymph. You miss the wood nymph. The wood nymph stole a knife. The wood nymph vanishes! k - an orcish dagger (2 in total). The dingo bites! The dingo bites! You hit the dingo! The dingo bites! You miss the dingo. The dingo bites! The dingo bites! You kill the dingo! A - a maple wand. You swap places with the peaceful gnome lady. You swap places with the peaceful gnome lady. You kill the yellow mold! You see here a yellow mold corpse. There is a yellow mold corpse here; eat it? [ynq] (n) Ecch - that must have been poisonous! You finish eating the yellow mold corpse. Oh wow! Great stuff! A shocking sphere suddenly drops from the ceiling! You are hit by a falling lernaean hydra! You miss the umber hulk. You miss the shrieker. You hit the gelatinous cube! You miss the wolf. You hit the walking disk drive. You kill the killer penguin! You already found a monster. Use 'm' prefix to force another search. You hit the giant beetle. The vermicious knid bites! The pony bites! You miss the catoblepas. The fire ant bites! The tiger bites! You hit the antagonistic undecagonstring! The zruty bites! The marilith bites! You hit the baby purple worm. The kitten bites! You kill the Nazgul! You miss the Grey-elf. The gray ooze stole a red gem. The marilith vanishes! You see here a dog corpse. # Inventory: Weapons (')') b - an uncursed +0 dagger a - an uncursed +1 dwarvish spear (weapon in hand) k - 2 uncursed +0 orcish daggers Scrolls ('?') m - an uncursed scroll of enchant weapon q - a blessed scroll of food detection Potions ('!') p - an uncursed potion of paralysis r - an uncursed potion of speed z - a potion of holy water Wands ('/') A - an uncursed wand of create monster (0:14) h - an uncursed wand of teleportation (0:7) Okmujnyhb the Valkyrie's attributes: Background: You were a Fighter, a level 6 dwarven Valkyrie. You were lawful, nominally on a mission for Tyr who was opposed by Odin (neutral) and Loki (chaotic). You were in the Dungeons of Doom, on level 7. You entered the dungeon 3409 turns ago. You had 390 experience points, 250 more were needed to attain level 7. Basics: You had 32 out of 71 hit points. You had all 10 energy points (spell power). Your armor class was 10. Your wallet was empty. Autopickup was on for '$+?!"=/*' plus thrown, with exceptions. Final Characteristics: Your strength was 17 (peak:18/01, limit:18/100). Your dexterity was 10 (limit:20). Your constitution was 19 (limit:20). Your intelligence was 10 (limit:16). Your wisdom was 7 (limit:16). Your charisma was 9 (limit:16). Final Status: You were hallucinating. You were not hungry. You were unencumbered. You were wielding a spear. You had basic skill with spear and could have enhanced that. You were not wearing any armor. Final Attributes: You were piously aligned. You were cold resistant. You had infravision. You were stealthy. You survived. Miscellaneous: You disabled loading of bones levels. Total elapsed playing time was 53 minutes and 39 seconds. Major events: Turn 1: okmujnyhb the lawful dwarven Valkyrie entered the dungeon 1181: entered the Gnomish Mines 1342: attained the rank of Skirmisher (level 3) 3196: attained the rank of Fighter (level 6) 3409: quit Vanquished creatures: 2 leprechauns a dingo a dog a blue jelly a mountain nymph a rock piercer a fog cloud a violet fungus a paper golem 2 floating eyes a kobold leader a rothe a rabid rat a centipede a giant bat an orc zombie a wererat an iguana a gas spore a hobgoblin 4 giant rats 2 cave spiders a yellow mold a red mold 5 garter snakes 2 gnome zombies 3 jackals 2 foxes 3 goblins a sewer rat 4 grid bugs 2 bats 4 lichens a kobold zombie 4 newts 61 creatures vanquished. No species were genocided or became extinct. Voluntary challenges: You were an atheist. You read items or engraved 2 times. You engraved Elbereth 1 time. You never genocided any monsters. You never polymorphed an object. You never changed form. You used no wishes. Achievements: You entered the Gnomish Mines. You entered a shop. You attained the rank of Skirmisher. You attained the rank of Fighter. The Dungeons of Doom: levels 1 to 7 Level 1: A fountain. Level 2: Level 3: An altar. Level 4: Some altars. Stairs down to The Gnomish Mines. Level 5: A health food store. Level 6: A fountain. Level 7: <- You were here. The Gnomish Mines: Level 5: Farvel okmujnyhb the Valkyrie... You quit in The Dungeons of Doom on dungeon level 7 with 1860 points, and 0 pieces of gold, after 3409 moves. You were level 6 with a maximum of 71 hit points when you quit.